 Dungeon Crawl Stone Soup version 0.27-a0-385-g3208abaabc (webtiles) character file.

Game seed: 7000175181191732888

53 ReteAZ the Shield-Bearer (level 3, -1/35 HPs)
             Began as a Gnoll Fighter on Feb 18, 2021.
             Killed by nerve-wracking pain
             ... invoked by Grinder
              (12 damage)
             ... on level 3 of the Dungeon.
             The game lasted 00:01:23 (1522 turns).

ReteAZ the Shield-Bearer (Gnoll Fighter)            Turns: 1522, Time: 00:01:23

Health: -1/35      AC: 11    Str: 21    XL:     3   Next: 87%
Magic:  4/4        EV:  8    Int:  8    God:
Gold:   46         SH: 10    Dex: 11    Spells: 4/4 levels left

rFire    . . .     SeeInvis +   a - +0 rapier
rCold    . . .     Faith    .   c - +0 kite shield
rNeg     . . .     Spirit   .   b - +0 scale mail
rPois    .         Reflect  .   (no helmet)
rElec    .         Harm     .   r - +2 cloak
rCorr    .         Rampage  .   (no gloves)
Will     .....                  (no boots)
Stlth    ..........             (no amulet)
HPRegen  0.11/turn              e - +6 ring of strength
MPRegen  0.09/turn              f - ring of see invisible

@: no status effects
A: distributed training, fangs 1, strong nose
a: no special abilities


You were on level 3 of the Dungeon.
You visited 1 branch of the dungeon, and saw 3 of its levels.

You collected 46 gold pieces.

Inventory:

Hand Weapons
 a - a +0 rapier (weapon)
Armour
 b - a +0 scale mail (worn)
 c - a +0 kite shield (worn)
 r - a +2 cloak (worn)
Jewellery
 e - a +6 ring of strength (left hand)
 f - a ring of see invisible (right hand)
 n - a ring of flight
Scrolls
 g - 3 scrolls of teleportation {unknown}
 h - 8 scrolls of identify {unknown}
 i - 2 scrolls of fear {unknown}
 m - a scroll of magic mapping {unknown}
 o - a scroll of random uselessness {unknown}
 s - a scroll of fog {unknown}
Potions
 d - a potion of might
 j - 2 potions of curing {unknown}
 k - a potion of attraction {unknown}
 l - a potion of cancellation {unknown}
 p - a potion of heal wounds {unknown}
 q - 2 potions of flight {unknown}


   Skills:
 + Level 6.5 Fighting
 + Level 4.6 Short Blades
 + Level 1.0 Long Blades
 + Level 1.0 Axes
 + Level 1.0 Maces & Flails
 + Level 1.0 Polearms
 + Level 1.0 Staves
 + Level 1.0 Slings
 + Level 1.0 Bows
 + Level 1.0 Crossbows
 + Level 1.0 Throwing
 + Level 6.5 Armour
 + Level 1.0 Dodging
 + Level 1.0 Stealth
 + Level 6.5 Shields
 + Level 1.0 Unarmed Combat
 + Level 1.0 Spellcasting
 + Level 0.7 Conjurations
 + Level 0.7 Hexes
 + Level 0.7 Summonings
 + Level 0.7 Necromancy
 + Level 0.7 Translocations
 + Level 0.7 Transmutations
 + Level 0.7 Fire Magic
 + Level 0.7 Ice Magic
 + Level 0.7 Air Magic
 + Level 0.7 Earth Magic
 + Level 0.7 Poison Magic
 + Level 1.0 Invocations
 + Level 1.0 Evocations


You had 4 spell levels left.
You didn't know any spells.
Your spell library was empty.

Dungeon Overview and Level Annotations

Branches:
Dungeon (3/15)

Altars:
Gozag

Annotations:
D:3 Grinder, Sigmund


Innate Abilities, Weirdness & Mutations

Your experience applies equally to all skills.
You have very sharp teeth.
Your uncanny sense of smell can sniff out nearby items.


Message History

Grinder shouts!
Grinder blinks!
Grinder moves out of view.
Grinder is nearby!
Grinder gestures at you.
You suddenly lose the ability to move!
Grinder gestures at you.
You barely resist.
You can move again.
Unknown command.
Unknown command.
Grinder blinks!
Grinder gestures at you.
You barely resist. You barely miss Grinder.
Grinder hits you but does no damage. Grinder hits you.
You puncture Grinder! You bite Grinder, but do no damage.
Grinder is moderately wounded.
Grinder hits you.
You writhe in agony.
You closely miss Grinder.
Grinder is moderately wounded.
You block Grinder's attack.
You closely miss Grinder.
Grinder is moderately wounded.
Grinder hits you but does no damage.
You closely miss Grinder.
Grinder is moderately wounded.
Grinder hits you.
You writhe in agony.
You closely miss Grinder.
Grinder is moderately wounded.
Grinder gestures at you.
You suddenly lose the ability to move!
Grinder hits you.
You writhe in agony.
Grinder hits you.
You writhe in agony.
Grinder hits you.
* * * LOW HITPOINT WARNING * * *
You can move again.
Unknown command.
Grinder gestures at you. You resist with significant effort.
Grinder gestures at you. Pain shoots through your body!
You die...

#.####.#########...#
#.# #.>...........# #.#
############.## #.# #.#
..# #.# #.# ####.####.#
#.# #####.†.......#
#####
#######.....##.######
.5§...##..5..@....###.#
#....#####....# #.#
#.##.# #....###.#
#....# #........#
####.# #.########
#.#####.# #.......#
#########


You could see Grinder.

Vanquished Creatures
  3 adders
  3 bats
  2 giant cockroaches
  A goblin (D:1)
  5 hobgoblins
  2 jackals (D:3)
  2 ball pythons (D:3)
  2 kobolds (D:1)
  7 rats
27 creatures vanquished.

Notes
Turn   | Place    | Note
-------+----------+-------------------------------------------
     0 | D:1      | ReteAZ the Gnoll Fighter began the quest for the Orb.
     0 | D:1      | Reached XP level 1. HP: 23/23 MP: 1/1
   626 | D:1      | Reached XP level 2. HP: 29/29 MP: 2/2
   682 | D:2      | Found an opulent altar of Gozag.
  1008 | D:2      | Reached XP level 3. HP: 35/35 MP: 3/3
  1341 | D:3      | Noticed Sigmund
  1404 | D:3      | Reached skill level 1 in Invocations
  1471 | D:3      | Reached skill level 1 in Long Blades
  1471 | D:3      | Reached skill level 1 in Axes
  1471 | D:3      | Reached skill level 1 in Maces & Flails
  1471 | D:3      | Reached skill level 1 in Polearms
  1471 | D:3      | Reached skill level 1 in Staves
  1471 | D:3      | Reached skill level 1 in Slings
  1471 | D:3      | Reached skill level 1 in Bows
  1471 | D:3      | Reached skill level 1 in Crossbows
  1471 | D:3      | Reached skill level 1 in Throwing
  1471 | D:3      | Reached skill level 1 in Dodging
  1471 | D:3      | Reached skill level 1 in Stealth
  1471 | D:3      | Reached skill level 1 in Unarmed Combat
  1471 | D:3      | Reached skill level 1 in Spellcasting
  1471 | D:3      | Reached skill level 1 in Evocations
  1495 | D:3      | Noticed Grinder
  1501 | D:3      | Paralysed by Grinder for 5 turns
  1515 | D:3      | Paralysed by Grinder for 3 turns
  1522 | D:3      | Killed from afar by Grinder

Illustrated notes

Levels and vault maps discovered:
D:1:      dpeg_arrival_castle, layout_loops_ring, skrybe_limestone_x
D:2:      layout_loops_ring, grunt_gozag_statues
D:3:      layout_loops_ring, yredelemnul_forgotten_temple_becter,
          chequers_serial_rivers_micro_d, uniq_grinder, uniq_sigmund

Skill      XL: |  1  2  3 |
---------------+----------+-----
Invocations    | 1 |  1.0
Long Blades    | 1 |  1.0
Axes           | 1 |  1.0
Maces & Flails | 1 |  1.0
Polearms       | 1 |  1.0
Staves         | 1 |  1.0
Slings         | 1 |  1.0
Bows           | 1 |  1.0
Crossbows      | 1 |  1.0
Throwing       | 1 |  1.0
Dodging        | 1 |  1.0
Stealth        | 1 |  1.0
Unarmed Combat | 1 |  1.0
Spellcasting   | 1 |  1.0
Evocations     | 1 |  1.0
Fighting       | |  6.5
Short Blades   | |  4.6
Armour         | |  6.5
Shields        | |  6.5
Conjurations   | |  0.7
Hexes          | |  0.7
Summonings     | |  0.7
Necromancy     | |  0.7
Translocations | |  0.7
Transmutations | |  0.7
Fire Magic     | |  0.7
Ice Magic      | |  0.7
Air Magic      | |  0.7
Earth Magic    | |  0.7
Poison Magic   | |  0.7

Action                   || total
-------------------------++-------
Melee: Rapier            ||    73
       Bite              ||     5
Armor: Scale mail        ||    18
Dodge: Dodged            ||    26
Block: Kite shield       ||    36

Table legend: (Time is in decaauts)
 A = Elapsed time spent in this place.
 B = Non-inter-level travel time spent in this place.
 C = Inter-level travel time spent in this place.
 D = Time resting spent in this place.
 E = Time spent auto-exploring this place.
 F = Levels seen in this place.
 G = Mean time per level.
                   A        B        C        D        E       F      G
               +--------+--------+--------+--------+--------+-----+--------+
         Total |   1531 |   1407 |    124 |      0 |   1218 |   3 |  510.3 |
       Dungeon |   1531 |   1407 |    124 |      0 |   1218 |   3 |  510.3 |
               +--------+--------+--------+--------+--------+-----+--------+

Top non-repeatable levels by time:
     D:2: 698 daAuts
     D:1: 660 daAuts
     D:3: 173 daAuts
